 Dungeon Crawl Stone Soup version 0.31-a0-430-gf8416d752b (webtiles) character file.

Game seed: 10026774987758188511

3250 Ethylacetat the Changeling (level 9, -5/69 HPs)
             Began as a Demigod Shapeshifter on July 31, 2023.
             Slain by a yak (11 damage)
             ... on level 8 of the Dungeon.
             The game lasted 00:19:07 (5858 turns).

Ethylacetat the Changeling (Demigod Shapeshifter)   Turns: 5858, Time: 00:19:08

Health: -5/69      AC:  9    Str: 21    XL:     9   Next: 40%
Magic:  11/11      EV: 12    Int: 10    God:
Gold:   45         SH:  0    Dex: 26    Spells: 8/8 levels left

rFire   + . .        j - melded +1 dagger (venom)
rCold   . . .        v - melded +0 buckler
rNeg    . . .        y - melded +0 chain mail {rPois}
rPois   .            (helmet currently unavailable)
rElec   .            (cloak currently unavailable)
rCorr   .            B - melded +1 pair of gloves of the Camelopard {rN+ Regen+ Str+2 Int-2 SInv}
SInv    +            (boots currently unavailable)
Will    .....        m - amulet of regeneration
Stlth   ++           i - ring of protection from fire
HPRegen 1.11/turn    n - ring of see invisible
MPRegen 0.12/turn

%: no passive effects
@: snake-form
A: constrict, large, high MP 1, forlorn, divine attributes, (iridescent scales
1), frail 1
a: Begin Untransformation


You were on level 8 of the Dungeon.
You were an enormous anaconda.
You visited 2 branches of the dungeon, and saw 9 of its levels.

You collected 354 gold pieces.
You spent 309 gold pieces at shops.

Inventory:

Hand Weapons
 j - a +1 dagger of venom (melded)
Missiles
 a - a throwing net
Armour
 v - a +0 buckler (melded)
 y - a +0 chain mail of poison resistance (melded)
 B - the +1 pair of gloves of the Camelopard (melded) {rN+ Regen+ Str+2 Int-2 SInv}
   (You bought it in a shop on level 4 of the Dungeon)

   Str:       It affects your strength (+2).
   Int:       It affects your intelligence (-2).
   rN:        It protects you from negative energy.
   SInv:      It lets you see invisible.
   Regen:     It increases your rate of health regeneration.
Jewellery
 c - a ring of resist corrosion
 i - a ring of protection from fire (left hand)
 m - an amulet of regeneration (around neck)
 n - a ring of see invisible (right hand)
Talismans
 u - a talisman of death
 D - a serpent talisman (active)
Wands
 o - a wand of iceblast (3)
Scrolls
 d - 2 scrolls of immolation {unknown}
 e - a scroll of torment {unknown}
 g - 10 scrolls of identify {unknown}
 h - a scroll of poison {unknown}
 k - a scroll of enchant armour {unknown}
 l - a scroll of brand weapon {unknown}
 r - 2 scrolls of revelation {unknown}
 s - 2 scrolls of teleportation {unknown}
 w - a scroll of silence {unknown}
 x - a scroll of vulnerability {unknown}
 C - a scroll of acquirement {unknown}
Potions
 b - a potion of lignification
 f - a potion of cancellation
 p - a potion of attraction
 z - a potion of enlightenment
 A - a potion of resistance {unknown}


   Skills:
 + Level 6.2 Fighting
 - Level 3.2 Dodging
 + Level 6.9 Unarmed Combat
 * Level 7.6 Shapeshifting


You had 8 spell levels left.
You didn't know any spells.
Your spell library contained the following spells:

 Spells                   Type           Power      Damage    Failure   Level
 Cigotuvi's Dreadful Rot  Necr/Pois/Air  0%         N/A       50%         2
 Ensorcelled Hibernation  Hex/Ice        0%         N/A       50%         2
 Lesser Beckoning         Tloc           0%         N/A       50%         2
 Passwall                 Tmut/Erth      0%         N/A       50%         2
 Sublimation of Blood     Necr           0%         N/A       50%         2
 Wereblood                Tmut           0%         N/A       50%         2
 Gell's Gravitas          Tloc           0%         N/A       75%         3
 Ignite Poison            Fire/Tmut/Pois 0%         N/A       75%         3
 Swiftness                Air            0%         N/A       75%         3
 Teleport Other           Tloc           0%         N/A       75%         3
 Dispel Undead            Necr           0%         3d6       98%         4
 Freezing Cloud           Conj/Ice/Air   0%         6-21      100%        5
 Irradiate                Conj/Tmut      0%         3d11      100%        5
 Death Channel            Necr           0%         N/A       100%        6
 Summon Hydra             Summ           0%         N/A       100%        7


Dungeon Overview and Level Annotations

Branches:
Dungeon (8/15)             Temple (1/1) D:5
   Lair: D:8-11

Shops:
D:2 !   D:4 [[   D:6 *

Annotations:
D:7 2 transporters, MacCMillion's ghost, novice MfSh


Innate Abilities, Weirdness & Mutations

You are an enormous anaconda.
You have a powerful constriction melee attack.
Your armour is entirely melded.
You are incapable of wielding weapons or throwing items.
You have an increased reservoir of magic. (+10% MP)
You shall have no god before yourself.
Your divine heritage dramatically boosts your attributes as you level up.
((You are partially covered in iridescent scales. (AC +2)))
You are frail. (-10% HP)


Message History

You constrict the bullfrog. The bullfrog hits you.
You hit the bullfrog but do no damage.
The bullfrog is severely wounded.
You constrict the bullfrog. The bullfrog barely misses you.
You hit the bullfrog but do no damage.
The bullfrog is severely wounded.
You constrict the bullfrog. The bullfrog barely misses you.
The bullfrog hits you but does no damage.
You body-slam the bullfrog!!
You kill the bullfrog!
The yak gores you but does no damage. The yak barely misses you.
You hit the yak but do no damage. You grab the yak. You constrict the yak.
The yak gores you but does no damage. The yak barely misses you.
You barely miss the yak. You constrict the yak. The yak gores you.
The yak gores you! The yak closely misses you.
You lash the yak!
The yak is moderately wounded.
You constrict the yak. The yak gores you! The yak misses you.
The yak barely misses you.
You barely miss the yak.
The yak is moderately wounded.
You constrict the yak. The yak gores you. The yak gores you!
The yak barely misses you. The yak gores you!
You hit the yak but do no damage.
The yak is moderately wounded.
You constrict the yak. The yak closely misses you. The yak barely misses you.
The yak gores you! The yak gores you.
You completely miss the yak.
The yak is moderately wounded.
You constrict the yak. The yak barely misses you. The yak gores you.
* * * LOW HITPOINT WARNING * * *
The yak gores you!
* * * LOW HITPOINT WARNING * * *
The yak gores you.
* * * LOW HITPOINT WARNING * * *
It was a potion of mutation.
You feel extremely strange.
You feel frail.
Iridescent scales grow over part of your body.
You constrict the yak. The yak closely misses you. The yak gores you!
You die...

.$. ##.# ###.. #..
...#####.$.. . .
..###...... #.#####....
..##........####.....6...$
..........#.......####....
..##.........##...# .
.....!..........#.###
.##...#.Y##.#.......# #..#
#.YSY........##### ...
#.Y##.........>..# #
...................#
###...##............#
#.#.##.#..........#
#...##.##.........#
...##..##........†# .. .
#.###.........#
#.........#


You could see 4 yaks.

Vanquished Creatures
  Amaemon (D:8)
  An orange demon (D:8)
  Grinder (D:3)
  2 orc warriors
  An ice beast (D:5)
  2 sky beasts (D:7)
  A black bear (D:7)
  A phantom (D:5)
  Blork the orc (D:4)
  4 scorpions
  2 bullfrogs (D:8)
  A gnoll sergeant (D:5)
  9 killer bees (D:7)
  4 hounds
  3 orc priests
  2 jellies
  3 sleepcaps
  4 iguanas
  2 orc wizards (D:4)
  3 gnolls (D:5)
  11 adders
  A shadow imp (D:7)
  2 ufetubi (D:5)
  4 worms
  2 dart slugs
  19 orcs
  5 ball pythons
  6 bats
  6 endoplasms
  2 giant cockroaches
  6 goblins
  8 hobgoblins
  3 jackals (D:1)
  4 kobolds
  3 quokkas
  3 frilled lizards
  6 rats
139 creatures vanquished.

Notes
Turn   | Place    | Note
-------+----------+-------------------------------------------
     0 | D:1      | Ethylacetat the Demigod Shapeshifter began the quest for
                  | the Orb.
     0 | D:1      | Reached XP level 1. HP: 15/15 MP: 3/3
    18 | D:1      | Reached skill level 1 in Fighting
   134 | D:1      | Reached XP level 2. HP: 23/23 MP: 4/4
   732 | D:2      | Reached XP level 3. HP: 28/28 MP: 5/5
   802 | D:2      | Reached skill level 3 in Shapeshifting
  1331 | D:2      | Found Jyczyah's Distillery.
  1336 | D:2      | Bought a potion of heal wounds for 60 gold pieces
  1708 | D:3      | Reached XP level 4. HP: 36/36 MP: 6/6
  1857 | D:3      | Noticed Grinder
  1859 | D:3      | Paralysed by Grinder for 2 turns
  1872 | D:3      | Paralysed by Grinder for 5 turns
  1888 | D:3      | Paralysed by Grinder for 3 turns
  1896 | D:3      | Killed Grinder
  1897 | D:3      | Reached XP level 5. HP: 42/42 MP: 7/7
  2556 | D:4      | Reached XP level 6. HP: 29/50 MP: 8/8
  2661 | D:4      | Found Uchenn's Antique Armour Shoppe.
  2695 | D:4      | Found Nerefih's Armour Shop.
  2781 | D:4      | Reached skill level 4 in Shapeshifting
  2886 | D:4      | Noticed Blork the orc
  2896 | D:4      | Killed Blork the orc
  3198 | D:4      | Reached XP level 7. HP: 57/57 MP: 9/9
  3412 | D:5      | Entered Level 5 of the Dungeon
  3608 | D:5      | Reached skill level 5 in Shapeshifting
  3876 | D:5      | Reached skill level 5 in Unarmed Combat
  3934 | D:5      | Found a staircase to the Ecumenical Temple.
  3955 | Temple   | Entered the Ecumenical Temple
  4164 | D:5      | Reached XP level 8. HP: 67/67 MP: 10/10
  4293 | D:6      | Found Tirphahi's Gadget Gallery.
  4947 | D:7      | Reached skill level 6 in Shapeshifting
  4962 | D:7      | Found a transporter.
  4973 | D:7      | Found a transporter.
  4974 | D:7      | Noticed a toenail golem
  5067 | D:4      | Bought the +1 pair of gloves of the Camelopard {rN+ Regen+
                  | Str+2 Int-2 SInv} for 249 gold pieces
  5144 | D:7      | Reached skill level 5 in Fighting
  5265 | D:7      | Noticed an ancient zyme
  5618 | D:7      | Noticed MacCMillion's ghost (novice MfSh)
  5750 | D:8      | Reached XP level 9. HP: 70/74 MP: 11/11
  5760 | D:8      | Noticed an orange demon
  5762 | D:8      | Noticed Amaemon
  5790 | D:8      | Killed an orange demon
  5791 | D:8      | Reached skill level 7 in Shapeshifting
  5799 | D:8      | Killed Amaemon
  5858 | D:8      | Gained mutation: You are frail. (-10% HP) [potion of
                  | mutation]
  5858 | D:8      | Gained mutation: You are partially covered in iridescent
                  | scales. (AC +2) [potion of mutation]
  5858 | D:8      | Slain by a yak

Illustrated notes

Levels and vault maps discovered:
D:1:      scummos_arrival_simple_crosswalls, layout_loops_ring,
          minmay_misc_feat_chi, hangedman_abyss_or_decor_lesser_grid
D:2:      layout_loops_ring, serial_bayou, serial_bayou_pond_b,
          serial_bayou_lagoon_a, serial_bayou_shore_a, serial_bayou_pond_c,
          serial_bayou_shore_b, serial_shops, nicolae_shop_back_alley_shop,
          chequers_ecumenical_altar_simple_redux
D:3:      layout_basic, roderic_lattice_a, minmay_misc_feat_enclosed,
          uniq_grinder
D:4:      layout_cave_pods, serial_shops, nicolae_shop_tiny_glass, shop,
          hangedman_glass_teeth, guppyfry_early_orc_mine, uniq_blork_the_orc
D:5:      layout_loops_ring, grunt_temple_overflow_forces_of_nature,
          minmay_temple_entry_drinking_statues, serial_bayou_ford_a, st_stairs_6
D:6:      layout_basic, nicolae_shop_gadgets
D:7:      layout_basic, gammafunk_ghost_abyssal_escape
D:8:      layout_rooms, chequers_temple_overflow_minitemple,
          gammafunk_temple_overflow_elements, uniq_maggie, uniq_maurice,
          uniq_pikel, uniq_amaemon
Temple:   nicolae_temple_figure_eight

Skill      XL: |  1  2  3  4  5  6  7  8  9 |
---------------+----------------------------+-----
Fighting       | 1 2 3 4 5 6 |  6.2
Dodging        | 2 3 |  3.2
Unarmed Combat | 3 4 5 6 |  6.9
Shapeshifting  | 3 4 5 6 7 |  7.6

Action                     |  1- 3 |  4- 6 |  7- 9 || total
---------------------------+-------+-------+-------++-------
  Melee: Unarmed           |    74 |       |    29 ||   103
         Punch             |     6 |     2 |       ||     8
         Dagger            |    50 |   128 |   252 ||   430
         Constrict         |       |       |     5 ||     5
    Use: Potion            |       |     1 |    10 ||    11
   Stab: Sleeping          |     4 |     2 |       ||     6
 Armour: Animal skin       |    33 |     8 |       ||    41
         Skin              |       |    10 |    72 ||    82
         Chain mail        |       |       |    91 ||    91
  Dodge: Dodged            |    71 |    68 |   116 ||   255
  Block: Buckler           |       |    17 |    69 ||    86
         Form:             |       |       |     1 ||     1
         Anaconda          |       |       |     1 ||     1

Table legend: (Time is in decaauts)
 A = Elapsed time spent in this place.
 B = Non-inter-level travel time spent in this place.
 C = Inter-level travel time spent in this place.
 D = Time resting spent in this place.
 E = Time spent auto-exploring this place.
 F = Levels seen in this place.
 G = Mean time per level.
                   A        B        C        D        E       F      G
               +--------+--------+--------+--------+--------+-----+--------+
         Total |   5889 |   5555 |    334 |     69 |   4254 |   9 |  654.3 |
       Dungeon |   5882 |   5548 |    334 |     69 |   4254 |   8 |  735.2 |
        Temple |      6 |      6 |      0 |      0 |      0 |   1 |    6.0 |
               +--------+--------+--------+--------+--------+-----+--------+

Top non-repeatable levels by time:
     D:4: 984 daAuts
     D:2: 928 daAuts
     D:5: 898 daAuts
     D:3: 841 daAuts
     D:7: 708 daAuts
     D:1: 707 daAuts
     D:6: 689 daAuts
     D:8: 123 daAuts
  Temple: 6 daAuts
